 Dungeon Crawl Stone Soup version 0.27.0-1-g7a089689b8 (webtiles) character file.

Game seed: 7983899611892634911

140 mandarbmax the Skirmisher (level 5, -3/55 HPs)
             Began as an Ogre Gladiator on Aug 1, 2021.
             Slain by Sigmund (10 damage)
             ... on level 3 of the Dungeon.
             The game lasted 00:04:17 (3664 turns).

mandarbmax the Skirmisher (Ogre Gladiator)          Turns: 3664, Time: 00:04:17

Health: -3/55      AC:  5    Str: 19    XL:     5   Next: 22%
Magic:  5/5        EV: 10    Int:  9    God:
Gold:   132        SH:  0    Dex: 10    Spells: 4/4 levels left

rFire    + . .     SeeInvis .   a - +0 quarterstaff
rCold    + + .     Faith    .   (shield currently unavailable)
rNeg     . . .     Spirit   .   n - +1 robe {Will+}
rPois    +         Reflect  .   c - +0 hat
rElec    +         Harm     .   k - +0 cloak
rCorr    +         Rampage  .   (gloves unavailable)
Will     +....                  (boots unavailable)
Stlth    +.........             b - amulet of magic regeneration
HPRegen  0.18/turn              m - ring of wizardry
MPRegen  0.34/turn              p - ring of protection from cold

@: mighty, resistant, hasted, very quick
A: large, unfitting armour, tough skin 1
a: no special abilities


You were on level 3 of the Dungeon.
You visited 1 branch of the dungeon, and saw 3 of its levels.

You collected 132 gold pieces.

Inventory:

Hand Weapons
 a - a +0 quarterstaff (weapon)
 q - a +0 eveningstar
Armour
 c - a +0 hat (worn)
 k - a +0 cloak (worn)
 n - a +1 robe of willpower (worn)
Jewellery
 b - an amulet of magic regeneration (around neck)
 m - a ring of wizardry (left hand)
 p - a ring of protection from cold (right hand)
Scrolls
 e - a scroll of amnesia {unknown}
 i - 2 scrolls of teleportation {unknown}
 j - a scroll of identify {unknown}
 l - a scroll of torment {unknown}


   Skills:
 + Level 4.6 Fighting
 + Level 3.9 Staves
 + Level 3.2 Throwing
 - Level 3.0 Dodging


You had 4 spell levels left.
You didn't know any spells.
Your spell library contained the following spells:

 Spells                   Type           Power      Damage    Failure   Level
 Sandblast                Erth           0%         2d4       16%         1


Dungeon Overview and Level Annotations

Branches:
Dungeon (3/15)

Altars:
Yredelemnul

Shops:
D:1 *

Annotations:
D:3 Natasha, Sigmund


Innate Abilities, Weirdness & Mutations

You are too large for most types of armour.
You have tough skin. (AC +1)


Message History

Press: ? - help, Q - select action Shift-Dir - straight line, f/p - Sigmund
Aim: Sigmund, wielding a +0 scythe and wearing a +0 robe (55% to hit)
You throw a throwing net.
The throwing net closely misses Sigmund.
Sigmund hits you from afar with a +0 scythe.
Sigmund hits you with a +0 scythe.
Throw: throwing net
Press: ? - help, Q - select action Shift-Dir - straight line, f/p - Sigmund
Aim: Sigmund, wielding a +0 scythe and wearing a +0 robe (55% to hit)
You throw a throwing net.
The throwing net closely misses Sigmund.
Sigmund hits you with a +0 scythe!
You barely miss Sigmund.
Sigmund casts a spell.
Sigmund flickers and vanishes!
Deactivating autopickup; reactivate with Ctrl-A.
You hit something. Something hits you but does no damage.
You sock something! Something hits you!
It was a potion of might.
You feel very mighty all of a sudden. Something hits you.
It was a potion of resistance.
You feel protected. Something hits you!
* * * LOW HITPOINT WARNING * * *
Unknown command.
It was a potion of haste.
You feel yourself speed up. Something hits you but does no damage.
It was a potion of magic.
Magic courses through your body. Something hits you.
* * * LOW HITPOINT WARNING * * *
You miss something. You closely miss something.
Something hits you but does no damage.
You closely miss something. Something hits you.
* * * LOW HITPOINT WARNING * * *
Unknown command.
You barely miss something.
Unknown command.
You miss something. Something hits you but does no damage.
You hit something. Something hits you!
You die...

#... ###########.#.
##.............
###########...########.#.
#########...>.........###........
..........######..........####.#.
#########.........######### #.#.
#######.######..###### #.#.
##..[)..((....{@......# #...
##..................#..# ###.
#.......#.#.####..##...# #.
...(......#.# #..##...# #.
..........#.# #..##...# #.
.........##.# #..##...#### #.
#........##)####).##......# ##.
##............##..###..##.#####..
##....#.##............##........


There were no monsters in sight!

Vanquished Creatures
  5 adders
  2 worms
  2 dart slugs (D:1)
  5 orcs (D:3)
  7 ball pythons
  4 bats
  8 endoplasms
  4 giant cockroaches
  2 goblins
  7 hobgoblins
  4 jackals
  4 kobolds
  6 quokkas
  6 frilled lizards
  7 rats
73 creatures vanquished.

Notes
Turn   | Place    | Note
-------+----------+-------------------------------------------
     0 | D:1      | mandarbmax the Ogre Gladiator began the quest for the Orb.
     0 | D:1      | Reached XP level 1. HP: 22/22 MP: 1/1
     9 | D:1      | Found Muph's General Store.
    19 | D:1      | Reached skill level 3 in Fighting
    67 | D:1      | Reached XP level 2. HP: 28/31 MP: 2/2
   251 | D:1      | Reached XP level 3. HP: 27/37 MP: 3/3
  1208 | D:2      | Reached skill level 4 in Fighting
  1208 | D:2      | Reached XP level 4. HP: 29/48 MP: 4/4
  1738 | D:2      | Found a faded altar of an unknown god.
  1742 | D:2      | Got Plato's Papyrus of Earth
  2624 | D:3      | Found a basalt altar of Yredelemnul.
  2728 | D:3      | Reached XP level 5. HP: 44/55 MP: 5/5
  3308 | D:3      | Noticed Natasha
  3308 | D:3      | Noticed Sigmund
  3664 | D:3      | Slain by Sigmund

Illustrated notes

Levels and vault maps discovered:
D:1:      wander_arrival_lonely_grave, layout_basic, serial_shops, shop
D:2:      layout_basic, shapermc_ecumenical_altar_rom_forum,
          amcnicky_mini_rare_corridor_liquid, minmay_split_cup_large
D:3:      layout_loops_ring, lemuel_tele_altar, st_stairs_2, minmay_door_square,
          uniq_natasha, uniq_sigmund

Skill      XL: |  1  2  3  4 |
---------------+-------------+-----
Fighting       | 3 4 |  4.6
Dodging        | 3 |  3.0
Throwing       | 3 |  3.2
Staves         | |  3.9

Action                   |  1- 3 |  4- 6 || total
-------------------------+-------+-------++-------
Melee: Quarterstaff      |    90 |   128 ||   218
Throw: Throwing net      |       |     3 ||     3
  Use: Potion            |       |     4 ||     4
 Stab: Sleeping          |     3 |     2 ||     5
Armor: Robe              |    30 |    38 ||    68
Dodge: Dodged            |    45 |    75 ||   120
